 Dungeon Crawl Stone Soup version 0.29.1-13-g9f3cf754e1 (webtiles) character file.

Game seed: 2475588399567847768

213 Thatpatchoflichen the Shooter (level 5, -9/41 HPs)
             Began as a Demonspawn Hunter on Feb 6, 2023.
             Was an Initiate of Ashenzari.
             Mangled by a hornet (11 damage)
             ... on level 5 of the Dungeon.
             The game lasted 00:12:29 (3220 turns).

Thatpatchoflichen the Shooter (Demonspawn Hunter)   Turns: 3220, Time: 00:12:29

Health: -9/41      AC:  8    Str: 12    XL:     5   Next: 59%
Magic:  5/5        EV: 11    Int: 10    God:    Ashenzari [......]
Gold:   165        SH:  0    Dex: 18    Spells: 4/4 levels left

rFire   + . .      SeeInvis .   a - +0 shortbow
rCold   . . .      Faith    .   (shield currently unavailable)
rNeg    . . .      Spirit   .   C - +0 ring mail "Shackled With Me" {Fort, Melee} (curse)
rPois   .          Reflect  .   (no helmet)
rElec   .          Harm     .   (no cloak)
rCorr   .          Rampage  .   i - +2 pair of gloves
Will    .....                   (no boots)
Stlth   +.........              d - amulet of the acrobat
HPRegen 0.13/turn               r - +4 ring of slaying
MPRegen 0.09/turn               q - ring of protection from fire

@: slowed, very slow
A: demonic touch 2
a: Renounce Religion, Shatter the Chains


You were on level 5 of the Dungeon.
You worshipped Ashenzari.
Ashenzari was noncommittal.
You visited 1 branch of the dungeon, and saw 5 of its levels.

You collected 165 gold pieces.

Inventory:

Hand Weapons
 a - a +0 shortbow (weapon)
 e - a +2 dagger of venom
Armour
 i - a +2 pair of gloves (worn)
 A - a +0 chain mail
 C - the cursed +0 ring mail "Shackled With Me" (worn) {Fort, Melee}
   (You took it off an orc priest on level 3 of the Dungeon)

   It has a curse which improves the following skills: Fortitude: Armour and
   Shields.
   Melee Combat: Short Blades, Long Blades, Axes, Maces & Flails, Polearms,
   Staves and Unarmed Combat.
Jewellery
 d - an amulet of the acrobat (around neck)
 l - a +6 ring of strength
 n - a +6 ring of strength
 q - a ring of protection from fire (right hand)
 r - a +4 ring of slaying (left hand)
Wands
 z - a wand of polymorph (4)
Scrolls
 b - a scroll of immolation
 g - a scroll of magic mapping
 h - 2 scrolls of enchant armour {unknown}
 j - a scroll of silence {unknown}
 m - a scroll of poison {unknown}
 p - 2 scrolls of noise
 v - 2 scrolls of amnesia {unknown}
 x - 2 scrolls of enchant weapon {unknown}
 y - a scroll of vulnerability {unknown}
 B - a scroll of identify
Potions
 f - a potion of brilliance {unknown}
 k - a potion of curing
 o - a potion of heal wounds
 s - a potion of flight
 t - a potion of haste
 u - a potion of might {unknown}
 w - a potion of berserk rage {unknown}


   Skills:
 + Level 3.5 Fighting
 * Level 5.4 Ranged Weapons
 + Level 0.7(1.0) Armour
 - Level 2.0 Dodging
 - Level 0.8 Stealth


You had 4 spell levels left.
You didn't know any spells.
Your spell library contained the following spells:

 Spells                   Type           Power      Damage    Failure   Level
 Necrotise                Necr           0%         1d4       65%         1
 Summon Small Mammal      Summ           0%         N/A       65%         1
 Call Canine Familiar     Summ           0%         N/A       95%         3
 Ignite Poison            Fire/Tmut/Pois 0%         N/A       95%         3
 Mephitic Cloud           Conj/Pois/Air  0%         N/A       95%         3
 Summon Guardian Golem    Hex/Summ       0%         N/A       95%         3
 Vampiric Draining        Necr           0%         2d6       95%         3
 Agony                    Necr           0%         N/A       100%        5
 Freezing Cloud           Conj/Ice/Air   0%         6-21      100%        5
 Conjure Ball Lightning   Conj/Air       0%         3x3d6     100%        6
 Discord                  Hex            0%         N/A       100%        8
 Disjunction              Tloc           0%         N/A       100%        8


Dungeon Overview and Level Annotations

Branches:
Dungeon (5/15)
 Temple: D:4-7

Altars:
Ashenzari
Dithmenos
Kikubaaqudgha
Nemelex Xobeh
Yredelemnul


Innate Abilities, Weirdness & Mutations

Your touch may inflict irresistible damage on your foes.


Message History

As you read the scroll of identify, it crumbles to dust.
p - 2 scrolls of noise The hornet stings you!
You feel yourself slow down.
Okay, then.
Fire: a) +0 shortbow
Press: ? - help, Q - select action, (/) - cycle Shift-Dir - straight line, f - hornet
Aim: a hornet (57% to hit)
You shoot an arrow. The arrow hits the hornet!
The hornet is moderately wounded.
You feel yourself speed up. The hornet closely misses you.
The hornet stings you!
You feel yourself slow down. The hornet closely misses you.
Fire: a) +0 shortbow
Press: ? - help, Q - select action, (/) - cycle Shift-Dir - straight line, f/p - hornet
Aim: a hornet (moderately wounded, 57% to hit)
You shoot an arrow. The arrow closely misses the hornet.
The hornet barely misses you. The hornet stings you.
You feel as though you will be slow longer.
The hornet stings you.
* * * LOW HITPOINT WARNING * * *
You are lethally poisoned!
You feel as though you will be slow longer.
Fire: a) +0 shortbow
Press: ? - help, Q - select action, (/) - cycle Shift-Dir - straight line, f/p - hornet
Aim: a hornet (moderately wounded, 57% to hit)
You shoot an arrow. The arrow hits the hornet.
The hornet is moderately wounded.
* * * LOW HITPOINT WARNING * * *
You feel very sick. The hornet closely misses you.
The hornet barely misses you. The hornet stings you.
* * * LOW HITPOINT WARNING * * *
You feel as though you will be slow longer.
You feel better. The hornet closely misses you. The hornet stings you!
* * * LOW HITPOINT WARNING * * *
You feel as though you will be slow longer.
As you read the scroll labelled JITETIY FUVVI, it crumbles to dust.
You feel aware of your surroundings.
It was a scroll of magic mapping.
The hornet stings you!
You die...

*,,,,,,,,,...*,* #...# **
*,**,,,****#.#.###..#*
*,**,,,****#........#
*,**,,,,,,,..#.###..#
*,**,*,*****,,#.##..#
*,**,#,*####,**#)#..######*
*,##.#.##<..## ##.........#
*,........##.###y#.######.#
******,*#.##.@#.##.# *,*
#...#..#.y....####**,*
####.##.##........,,,*
#.*#.....######****
#.*####..# *##.#####..###
*............#
*.#.#####..#.# *,#.* #..#.#


You could see a hornet.

Vanquished Creatures
  An orc priest (D:3)
  Ijyb (D:4)
  2 orc wizards (D:4)
  4 adders
  An ufetubus (D:5)
  2 dart slugs
  6 orcs
  4 ball pythons
  5 bats
  3 endoplasms
  A giant cockroach (D:4)
  5 hobgoblins
  A quokka (D:2)
  9 frilled lizards
  9 goblins
  8 kobolds
  3 rats
65 creatures vanquished.

Notes
Turn   | Place    | Note
-------+----------+-------------------------------------------
     0 | D:1      | Thatpatchoflichen the Demonspawn Hunter began the quest for
                  | the Orb.
     0 | D:1      | Reached XP level 1. HP: 16/16 MP: 1/1
   373 | D:1      | Gained mutation: Your touch may inflict minor irresistible
                  | damage on your foes. [demonic ancestry]
   373 | D:1      | Reached XP level 2. HP: 22/22 MP: 2/2
   435 | D:1      | Reached skill level 4 in Ranged Weapons
   740 | D:1      | Found a faded altar of an unknown god.
   961 | D:3      | Gained mutation: Your touch may inflict irresistible damage
                  | on your foes. [demonic ancestry]
   961 | D:3      | Reached XP level 3. HP: 28/28 MP: 3/3
  1587 | D:4      | Found an ancient bone altar of Kikubaaqudgha.
  1587 | D:4      | Found a basalt altar of Yredelemnul.
  1587 | D:4      | Found a shadowy altar of Dithmenos.
  1587 | D:4      | Found a broken altar of Ashenzari.
  1587 | D:4      | Found a sparkling altar of Nemelex Xobeh.
  1618 | D:4      | Became a worshipper of Ashenzari the Shackled
  1702 | D:3      | Reached XP level 4. HP: 34/34 MP: 4/4
  2279 | D:4      | Noticed Ijyb
  2293 | D:4      | Killed Ijyb
  2294 | D:4      | Reached skill level 5 in Ranged Weapons
  2435 | D:3      | Reached XP level 5. HP: 28/41 MP: 5/5
  2756 | D:5      | Entered Level 5 of the Dungeon
  3206 | D:5      | Noticed a hornet
  3218 | D:5      | HP: 2/41 [poisoned by a hornet]
  3220 | D:5      | Mangled by a hornet

Illustrated notes

Levels and vault maps discovered:
D:1:      evilmike_arrival_crescent, layout_loops_corners,
          dreamdust_ecumenical_altar_grove
D:2:      layout_rooms, minmay_tromino_v2
D:3:      layout_loops_cross, serial_glass, glass_columns_a, glass_columns_b
D:4:      layout_basic, grunt_temple_overflow_open, uniq_ijyb
D:5:      layout_loops_ring

Skill      XL: |  1  2  3  4 |
---------------+-------------+-----
Dodging        | 2 |  2.0
Ranged Weapons | 4 5 |  5.4
Fighting       | 3 |  3.5
Armour         | |  0.7
Stealth        | |  0.8

Action                   |  1- 3 |  4- 6 || total
-------------------------+-------+-------++-------
Melee: Unarmed           |       |     8 ||     8
 Fire: Shortbow          |   104 |    65 ||   169
Invok: Curse Item        |       |     1 ||     1
  Use: Scroll            |       |     6 ||     6
       Potion            |       |     1 ||     1
Armor: Leather armour    |    12 |     4 ||    16
       Ring mail         |       |    11 ||    11
Dodge: Dodged            |    18 |    29 ||    47
